Map: Coda EC

Players

HeLeX

  • Race: Zerg Zerg
  • League: Grandmaster

AgCl - Winner!

  • Race: Protoss Protoss
  • League: Grandmaster

VOD

Have the link to the VOD?

Description

Time

  • Played on: May 30, 2015, 12:04 a.m.
  • Length: 9:51
Show
View Real Time Build Order
Export as new Build Order

HeLeX Zerg 

Build Orders: Hatch First 

Get SALT Encoding   

  12  0:01  Drone  
  13  0:13  Overlord  
  13  0:18  Drone  
  14  0:32  Drone x2  
  14  0:35  Drone  
  17  0:48  Drone  
  18  0:59  Hatchery  
  17  1:12  Spawning Pool  
  16  1:18  Drone  
  16  1:19  Drone  
  18  1:27  Overlord  
  18  1:30  Drone  
  18  1:32  Extractor  
  18  1:40  Drone  
  19  1:52  Drone  
  20  1:59  Queen  
  22  2:01  Drone  
  23  2:11  Queen  
  23  2:13  Drone x2  
  27  2:23  Drone  
  27  2:28  Overlord, Spine Crawler  
  27  2:35  Drone  
  27  2:36  Drone  
  29  2:41  Queen  
  29  2:55  Drone x3  
  32  3:04  Metabolic Boost  
  32  3:10  Drone x4  
  36  3:22  Lair  
  36  3:25  Drone x2, Extractor  
  37  3:32  Drone x4  
  41  3:37  Overlord  
  41  3:46  Spore Crawler  
  41  3:47  Overlord, Drone x2  
  42  3:52  Spore Crawler  
  41  3:56  Drone x2  
  43  4:12  Drone x6  
  43  4:13  Drone x3  
  52  4:21  Hydralisk Den  
  52  4:23  Extractor  
  50  4:24  Extractor  
  50  4:25  Drone x4  
  53  4:42  Hatchery  
  52  4:48  Roach Warren  
  51  4:53  Overlord x2  
  51  4:57  Muscular Augments  
  51  5:03  Hydralisk x4  
  59  5:14  Queen  
  59  5:16  Overseer  
  59  5:19  Pneumatized Carapace  
  61  5:29  Evolution Chamber  
  61  5:30  Evolution Chamber  
  61  5:33  Hydralisk x2  
  61  5:34  Hydralisk x2  
  67  5:37  Glial Reconstitution  
  67  5:51  Overlord x2  
  71  5:57  Roach x5  
  71  5:58  Lurker Den  
  77  6:09  Drone x3  
  77  6:10  Drone x3  
  83  6:17  Drone x3  
  86  6:24  Spire  
  85  6:36  Extractor  
  85  6:39  Extractor  
  83  6:43  Spore Crawler  
  83  6:44  Spine Crawler  
  79  6:50  Drone  
  79  6:51  Drone x2, Overlord x3  
  82  6:55  Zerg Missile Weapons Level 1  
  82  6:56  Zerg Ground Armor Level 1  
  82  7:09  Overlord x2  
  82  7:11  Drone  
  82  7:12  Drone x7  
  84  7:25  Hydralisk  
  84  7:26  Hydralisk x3  
  74  7:37  Hydralisk x3  
  74  7:42  Zerg Flyer Weapons Level 1  
  78  7:48  Hydralisk x4  
  86  7:57  Hydralisk x3  
  82  8:13  Hydralisk  
  82  8:14  Hydralisk x3  
  89  8:23  Hydralisk x2  
  91  8:34  Hydralisk x2  
  91  8:35  Hydralisk  
  91  8:38  Hydralisk x4  
  98  8:46  Zergling x6  
  101  9:01  Hydralisk  
  101  9:02  Hydralisk x3  
  80  9:13  Hydralisk x3  
  82  9:22  Hydralisk x2  
  75  9:27  Zergling x4  
Show
View Real Time Build Order
Export as new Build Order

AgCl Protoss - Winner!

Build Orders: Oracle Opening, Oracle Opening, Carrier Rush 

Get SALT Encoding   

  12  0:13  Pylon  
  12  0:14  Probe  
  13  0:27  Probe  
  14  0:41  Probe  
  15  0:46  Assimilator  
  15  0:47  Gateway  
  15  0:53  Probe  
  16  1:05  Probe  
  17  1:18  Probe  
  18  1:30  Probe  
  19  1:35  Cybernetics Core, Zealot (Chrono Boost)  
  21  1:42  Probe (Chrono Boost), Assimilator  
  22  1:58  Pylon  
  22  2:18  Probe (Chrono Boost)  
  23  2:25  Probe (Chrono Boost)  
  23  2:27  Stargate  
  24  2:35  Probe (Chrono Boost)  
  25  2:42  Probe (Chrono Boost)  
  26  2:52  Probe (Chrono Boost)  
  26  2:56  Nexus  
  25  3:04  Probe (Chrono Boost)  
  26  3:11  Oracle (Chrono Boost)  
  30  3:13  Probe (Chrono Boost)  
  30  3:16  Pylon  
  30  3:22  Warp Gate  
  30  3:32  Pylon  
  30  3:38  Fleet Beacon  
  30  3:39  Probe (Chrono Boost)  
  31  3:52  Probe (Chrono Boost)  
  32  4:01  Probe (Chrono Boost)  
  33  4:04  Carrier (Chrono Boost)  
  33  4:09  Probe  
  34  4:16  Assimilator  
  35  4:20  Assimilator  
  35  4:22  Mothership Core (Chrono Boost)  
  37  4:26  Probe (Chrono Boost)  
  43  4:34  Probe (Chrono Boost)  
  43  4:36  Probe (Chrono Boost)  
  46  4:48  Probe (Chrono Boost)  
  46  4:49  Graviton Catapult  
  46  4:50  Probe (Chrono Boost)  
  47  4:57  Probe (Chrono Boost)  
  47  4:59  Probe (Chrono Boost)  
  49  5:01  Gateway  
  49  5:05  Probe, Forge  
  49  5:06  Carrier (Chrono Boost)  
  50  5:09  Probe  
  51  5:17  Probe  
  52  5:21  Probe  
  60  5:36  Gateway  
  60  5:40  Probe  
  60  5:43  Protoss Ground Weapons Level 1 (Chrono Boost)  
  60  5:44  Gateway  
  60  5:47  Protoss Air Weapons Level 1 (Chrono Boost)  
  60  6:17  Pylon  
  60  6:18  Pylon  
  60  6:23  Carrier (Chrono Boost)  
  60  6:35  Probe x2  
  68  6:47  Probe x2  
  68  6:50  Pylon  
  68  6:53  Pylon  
  70  6:59  Probe  
  71  7:07  Nexus  
  71  7:11  Pylon  
  71  7:14  Pylon  
  71  7:20  Carrier (Chrono Boost)  
  69  7:26  Pylon  
  66  7:30  Adept x2  
  66  7:31  Adept x2  
  66  7:34  Protoss Air Weapons Level 2  
  74  7:39  Stargate  
  78  8:09  Adept x4  
  86  8:17  Carrier (Chrono Boost)  
  82  8:32  Adept  
  82  8:33  Adept  
  92  8:40  Void Ray (Chrono Boost)  
  96  8:46  Probe (Chrono Boost)  
  96  8:48  Assimilator x2  
  99  8:51  Probe x2 (Chrono Boost)  
  99  8:55  Probe (Chrono Boost)  
  100  9:02  Pylon  
  84  9:28  Adept x3  
  84  9:29  Adept  
Tags
 
Add a new tag
Caveats
  • Supply blocks, unpowered buildings, or Contaminate may cause inaccurate times.
  • Supply counts are checked every 10 seconds.